 Dungeon Crawl Stone Soup version 0.31-a0-507-gbafd7f5274 (webtiles) character file.

Game seed: 14628521727917023148

2150 Duck the Changeling (level 9, 0/59 HPs)
             Began as an Octopode Shapeshifter on Aug 9, 2023.
             Was a Priest of Trog.
             Slain by a boulder beetle (22 damage)
             ... on level 6 of the Dungeon.
             The game lasted 00:15:41 (6106 turns).

Duck the Changeling (Octopode Shapeshifter)         Turns: 6106, Time: 00:15:42

Health: 0/59       AC:  1    Str: 19    XL:     9   Next: 31%
Magic:  9/9        EV: 14    Int: 10    God:    Trog [***...]
Gold:   285        SH:  0    Dex: 12    Spells: 8/8 levels left

rFire   . .          .
                       - Unarmed
rCold   . . .        (no shield)
rNeg    . . .        (helmet currently unavailable)
rPois   .            (no amulet)
rElec   .            p - ring of Fovutui {Will+ Slay+2}
rCorr   .            (no ring)
SInv    .            (no ring)
Will    +....        (no ring)
Stlth   ++           (no ring)
HPRegen 0.29/turn    (no ring)
MPRegen 0.11/turn    (no ring)
                     (no ring)

%: no passive effects
@: beast-form, on berserk cooldown, slowed, very slow
A: beast (slay +4), almost no armour, amphibious, 8 rings, camouflage 1,
gelatinous body 1, (nimble swimmer 1), tentacles
a: Begin Untransformation, Renounce Religion, Berserk, Trog's Hand


You were on level 6 of the Dungeon.
You worshipped Trog.
Trog was most pleased with you.
You were a hulking beast.
You visited 2 branches of the dungeon, and saw 7 of its levels.

You collected 285 gold pieces.

Inventory:

Jewellery
 p - the ring of Fovutui (left tentacle) {Will+ Slay+2}
   (You acquired it on level 2 of the Dungeon)

   [ring of willpower]

   Slay+2:    It affects your accuracy & damage with ranged weapons and melee
   (+2).
   Will+:     It increases your willpower.
Talismans
 b - a beast talisman (active)
 c - a flux talisman
Wands
 r - a wand of digging (7)
 u - a wand of roots (8)
 v - a wand of light (11)
 z - a wand of polymorph (7)
Scrolls
 i - a scroll of torment
 k - a scroll of revelation {unknown}
 l - a scroll of silence {unknown}
 m - a scroll of teleportation
 n - a scroll of amnesia
 o - a scroll of poison
 w - a scroll of immolation
 y - a scroll of enchant weapon {unknown}
 A - a scroll of fog {unknown}
Potions
 a - a potion of lignification
 d - 4 potions of curing
 e - 2 potions of haste
 f - 2 potions of enlightenment
 g - a potion of cancellation
 h - a potion of attraction
 j - a potion of brilliance
 q - a potion of degeneration {unknown}
 s - a potion of heal wounds {unknown}
 t - a potion of experience {unknown}
 x - a potion of magic
 B - a potion of might {unknown}


   Skills:
 - Level 4.7 Fighting
 + Level 5.0 Dodging
 + Level 6.5 Unarmed Combat
 * Level 7.5 Shapeshifting


You had 8 spell levels left.
You didn't know any spells.
Your spell library was empty.

Dungeon Overview and Level Annotations

Branches:
Dungeon (6/15)             Temple (1/1) D:5

Altars:
Cheibriados
Dithmenos
Elyvilon
Gozag
Hepliaklqana
Makhleb
Nemelex Xobeh
Okawaru
Qazlal
Ru
Trog
Uskayaw
Xom

Shops:
D:5 (


Innate Abilities, Weirdness & Mutations

You are a hulking beast.
Your limbs bulge with bestial killing power. (Slay +4)
You cannot wear most types of armour.
You are amphibious.
You can wear up to eight rings at the same time.
Your skin changes colour to match your surroundings (Stealth+).
Your rubbery body absorbs attacks. (AC +1, EV +1)
((You are camouflaged when in or above water. (Stealth+)))
You have tentacles for arms and can constrict up to eight enemies at once.


Message History

Items here: ( )) [[ †.
Things that are here:
a +0 hand axe; a +0 chain mail; an orc corpse The boulder beetle leaps!
Things that are here:
a +0 hand axe; a +0 chain mail; an orc corpse The boulder beetle curls into a ball and begins rolling!
Things that are here:
a +0 hand axe; a +0 chain mail; an orc corpse A red film seems to cover your vision as you go berserk!
You feel yourself moving faster!
You feel mighty!
You tentacle-slap the boulder beetle but do no damage.
You squeeze the boulder beetle!
The boulder beetle is lightly wounded.
The boulder beetle misses you.
The boulder beetle stops rolling and uncurls.
You bludgeon the boulder beetle!
The boulder beetle is moderately wounded.
The boulder beetle misses you.
You bludgeon the boulder beetle! You squeeze the boulder beetle.
The boulder beetle is heavily wounded.
You tentacle-slap the boulder beetle but do no damage.
Your squeeze misses the boulder beetle.
The boulder beetle is heavily wounded.
The boulder beetle leaps!
You feel a strong urge to attack something.
The boulder beetle curls into a ball and begins rolling!
You feel your anger nearly subside.
You are no longer berserk.
You are exhausted.
You feel yourself slow down. The boulder beetle hits you!!!
Ouch! That really hurt!
The boulder beetle stops rolling and uncurls.
You completely miss the boulder beetle.
The boulder beetle is heavily wounded.
The boulder beetle barely misses you.
You tentacle-slap the boulder beetle but do no damage.
You squeeze the boulder beetle!
The boulder beetle is severely wounded.
The boulder beetle bites you!!
You die...

.##..####.#####...####...##...##.
###.....^.....##..# #..#.....#
##................# ###.........
##.......########.###...........
#........##...###...))##........
...####........##.....##°.#.....
...# ###...............#..##....
..####..)..........#............
..###..........Bh..##..(....##..
..##............##..###..####
##.............####..###.#
###...........## ###†##.#
#..........## ##.###
##.........## ### #.........##
#.......### #########


You could see a boulder beetle.

Vanquished Creatures
  An ugly thing (D:6)
  Prince Ribbit (Temple)
  Edmund (D:5)
  An orc warrior (D:6)
  A black bear (D:6)
  An ogre (D:5)
  A phantom (D:4)
  A kobold brigand (D:6)
  A bullfrog (D:6)
  4 scorpions
  3 wights (D:6)
  A howler monkey (D:6)
  2 hounds
  3 jellies (D:5)
  5 iguanas
  3 orc wizards (D:6)
  7 adders
  2 ufetubi (D:5)
  2 worms (D:2)
  2 dart slugs
  19 orcs
  5 endoplasms
  A giant cockroach (D:1)
  7 goblins
  6 hobgoblins
  10 jackals
  5 kobolds
  4 quokkas
  5 ball pythons
  3 bats
  8 frilled lizards
  8 rats
124 creatures vanquished.

Vanquished Creatures (others)
  A wizard (D:5)
1 creature vanquished.

Grand Total: 125 creatures vanquished

Notes
Turn   | Place    | Note
-------+----------+-------------------------------------------
     0 | D:1      | Duck the Octopode Shapeshifter began the quest for the Orb.
     0 | D:1      | Reached XP level 1. HP: 13/13 MP: 1/1
   217 | D:1      | Reached XP level 2. HP: 18/18 MP: 2/2
   482 | D:1      | Found a faded altar of an unknown god.
   922 | D:1      | Prayed at the altar of an unknown god.
   922 | D:1      | Became a worshipper of Trog the Wrathful
   922 | D:1      | Reached * piety under Trog
  1052 | D:2      | Reached XP level 3. HP: 17/24 MP: 3/3
  1218 | D:2      | Reached XP level 4. HP: 23/30 MP: 4/4
  1753 | D:2      | Identified a scroll of acquirement
  1753 | D:2      | Acquired the ring of Fovutui {Will+ Slay+2}
  2026 | D:3      | Reached ** piety under Trog
  2076 | D:3      | Reached XP level 5. HP: 36/36 MP: 5/5
  2632 | D:4      | Noticed a phantom
  2636 | D:4      | Reached skill level 4 in Shapeshifting
  2644 | D:4      | Killed a phantom
  2645 | D:4      | Reached XP level 6. HP: 43/43 MP: 6/6
  3345 | D:5      | Entered Level 5 of the Dungeon
  3379 | D:5      | Found Xysarhoa's Weapon Shoppe.
  3420 | D:5      | Found a bloodstained altar of Trog.
  3422 | D:5      | Noticed a wizard
  3427 | D:5      | Killed a wizard
  3536 | D:5      | Found a sacrificial altar of Ru.
  3536 | D:5      | Found a burning altar of Makhleb.
  3537 | D:5      | Found a hazy altar of Hepliaklqana.
  3544 | D:5      | Found an opulent altar of Gozag.
  3603 | D:5      | Reached XP level 7. HP: 25/49 MP: 7/7
  3786 | D:5      | Reached skill level 5 in Shapeshifting
  3985 | D:5      | Found a staircase to the Ecumenical Temple.
  3996 | D:5      | Noticed Prince Ribbit
  3998 | D:5      | Noticed Edmund
  4006 | Temple   | Entered the Ecumenical Temple
  4012 | Temple   | Killed Prince Ribbit
  4013 | Temple   | Reached skill level 5 in Unarmed Combat
  4013 | Temple   | Reached XP level 8. HP: 49/54 MP: 8/8
  4210 | D:5      | Killed Edmund
  4693 | D:5      | Reached skill level 6 in Shapeshifting
  4818 | D:5      | Reached *** piety under Trog
  5633 | D:6      | Noticed a cyan ugly thing
  5657 | D:6      | Noticed a boulder beetle
  5739 | D:6      | Killed a cyan ugly thing
  5740 | D:6      | Reached skill level 7 in Shapeshifting
  5740 | D:6      | Reached XP level 9. HP: 59/59 MP: 9/9
  6060 | D:6      | Reached skill level 5 in Dodging
  6106 | D:6      | Slain by a boulder beetle

Illustrated notes

Levels and vault maps discovered:
D:1:      sevenhm_arrival_forest_fort_small_4, layout_basic,
          shapermc_ecumenical_altar_mp_vishouse
D:2:      layout_loops_cross, minmay_misc_feat_doors, minmay_misc_feat_roman,
          grunt_decor_clamped, minmay_3d_cube
D:3:      layout_basic
D:4:      layout_basic, minmay_misc_feat_plants, grunt_decor_arrowhead
D:5:      minmay_razor_zed, layout_basic, trog_wizard,
          nicolae_overflow_quartered_altars, minmay_temple_entry_sparse_star,
          serial_shops, nicolae_shop_rolling_square, uniq_prince_ribbit1,
          uniq_edmund
D:6:      layout_layer_cave, amcnicky_altar_gilded,
          nicolae_yredelemnul_ghost_church, serial_shops, shop, kb_rosetta
Temple:   nicolae_temple_colour_theory

Skill      XL: |  1  2  3  4  5  6  7  8  9 |
---------------+----------------------------+-----
Fighting       | 2 3 4 |  4.7
Shapeshifting  | 4 5 7 |  7.5
Unarmed Combat | 4 5 6 |  6.5
Dodging        | 3 4 5 |  5.0

Action                     |  1- 3 |  4- 6 |  7- 9 || total
---------------------------+-------+-------+-------++-------
  Melee: Unarmed           |    42 |   100 |    97 ||   239
         Tentacles         |     8 |    17 |    25 ||    50
         Constrict         |     8 |    22 |    26 ||    56
         Punch             |     1 |     2 |     5 ||     8
 Invoke: Berserk           |       |     1 |     4 ||     5
         Trog's Hand       |       |       |     1 ||     1
    Use: Scroll            |       |     6 |     3 ||     9
         Potion            |       |     4 |     1 ||     5
   Stab: Sleeping          |     7 |     8 |     2 ||    17
 Armour: Skin              |     4 |     4 |     1 ||     9
  Dodge: Dodged            |    14 |    41 |    52 ||   107

Table legend: (Time is in decaauts)
 A = Elapsed time spent in this place.
 B = Non-inter-level travel time spent in this place.
 C = Inter-level travel time spent in this place.
 D = Time resting spent in this place.
 E = Time spent auto-exploring this place.
 F = Levels seen in this place.
 G = Mean time per level.
                   A        B        C        D        E       F      G
               +--------+--------+--------+--------+--------+-----+--------+
         Total |   6103 |   5953 |    150 |   1568 |   3375 |   7 |  871.9 |
       Dungeon |   5897 |   5754 |    143 |   1397 |   3375 |   6 |  982.8 |
        Temple |    206 |    199 |      7 |    171 |      0 |   1 |  206.0 |
               +--------+--------+--------+--------+--------+-----+--------+

Top non-repeatable levels by time:
     D:5: 1317 daAuts
     D:6: 1236 daAuts
     D:1: 944 daAuts
     D:2: 842 daAuts
     D:3: 780 daAuts
     D:4: 775 daAuts
  Temple: 206 daAuts
